 Dungeon Sprint DCSS version 0.30-a0-459-g9104f0fc43 (webtiles) character file.

Game seed: 10879147535850792035

1129 rocky1 the Fighter (level 8, 0/97 HPs)
             Began as an Ogre Gladiator on Dec 16, 2022.
             Was an Initiate of Gozag.
             Slain by a quasit (1 damage)
             ... in the Dungeon (Sprint VII: "The Pits").
             The game lasted 00:02:33 (1176 turns).

rocky1 the Fighter (Ogre Gladiator)                 Turns: 1176, Time: 00:02:33

Health: 0/97       AC:  3    Str: 21      XL:     8   Next: 35%
Magic:  8/8        EV:  6    Int:  9      God:    Gozag
Gold:   730        SH:  0    Dex:  7 (10) Spells: 7/7 levels left

rFire   . . .      SeeInvis .    a - +0 war axe
rCold   . . .      Faith    .    (no shield)
rNeg    . . .      Spirit   .    b - +0 robe
rPois   .          Reflect  .    c - +0 hat
rElec   .          Harm     .    (no cloak)
rCorr   .          Rampage  .    (gloves unavailable)
Will    .....      NoTele   +    (boots unavailable)
Stlth   +.........               (no amulet)
HPRegen 0.36/turn                (no ring)
MPRegen 0.11/turn                (no ring)

@: on berserk cooldown, held, hasted and slowed
A: large, unfitting armour, tough skin 1
a: Renounce Religion, Potion Petition, Call Merchant, Bribe Branch


You were in the Dungeon.
You worshipped Gozag.
Gozag was pleased with you.
You visited 1 branch You collected 730 gold pieces.

Inventory:

Hand Weapons
 a - a +0 war axe (weapon)
Missiles
 e - a large rock (quivered)
Armour
 b - a +0 robe (worn)
 c - a +0 hat (worn)
Scrolls
 k - a scroll of blinking
 m - 3 scrolls of amnesia
Potions
 f - 5 potions of curing
 l - 2 potions of invisibility


   Skills:
 + Level 11.4 Fighting
 + Level 9.1 Axes
 - Level 6.1 Throwing
 + Level 7.0 Armour
 + Level 8.3 Dodging


You had 7 spell levels left.
You didn't know any spells.
Your spell library was empty.

Dungeon Overview and Level Annotations

Branches:
Dungeon (1/1)

Altars:
Ashenzari
Cheibriados
Dithmenos
Elyvilon
Fedhas
Gozag
Hepliaklqana
Kikubaaqudgha
Makhleb
Nemelex Xobeh
Okawaru
Qazlal
Ru
Sif Muna
Trog
Uskayaw
Vehumet
Wu Jian
Xom
Yredelemnul
Zin
The Shining One
Jiyva
Lugonu

Annotations:
D Maurice


Innate Abilities, Weirdness & Mutations

You are too large for most types of armour.
You have tough skin. (AC +1)


Message History

The quasit is heavily wounded.
The quasit bites you but does no damage.
The quasit claws you.
The quasit claws you but does no damage.
Something hits you!
* * * LOW HITPOINT WARNING * * *
Something steals 53 gold pieces!
You now have 895 gold pieces.
The quasit bites you but does no damage.
The quasit claws you.
* * * LOW HITPOINT WARNING * * *
The quasit barely misses you.
You feel yourself speed up. The quasit bites you.
* * * LOW HITPOINT WARNING * * *
The quasit claws you.
* * * LOW HITPOINT WARNING * * *
You feel clumsy.
The quasit claws you but does no damage.
A throwing net appears from out of thin air!
The throwing net hits you.
You become entangled in the net!
The quasit bites you but does no damage.
The quasit claws you but does no damage.
The quasit claws you.
* * * LOW HITPOINT WARNING * * *
Something hits you.
* * * LOW HITPOINT WARNING * * *
Something steals your throwing net!
You tear a large gash into the net.
The quasit bites you.
* * * LOW HITPOINT WARNING * * *
The quasit claws you but does no damage. x2
Something hits you!
* * * LOW HITPOINT WARNING * * *
Something steals 165 gold pieces!
You no longer have enough gold to fund merchants seeking to open stores in the dungeon.
You now have 730 gold pieces.
You struggle against the net.
The quasit bites you.
* * * LOW HITPOINT WARNING * * *
The quasit claws you but does no damage.
The quasit claws you.
You die...
Your body crumbles into a pile of gold.

#.#.....#..##.......#
#.#.....#'###...<...#
#.#........##.......#
#.#........##.......#
#'###########.......#
#.......#..##########
#..###..#.## ###
#.......#)# ...#
##.###.##@#....#
#.......#5'{...+
#..###..#'#....#
#.......).#....#
########### ####


You could see a quasit.

Vanquished Creatures
  A flayed ghost (D)
  A red devil (D)
  A water moccasin (D)
  A bullfrog (D)
  A scorpion (D)
  A wight (D)
  A jelly (D)
  2 orc priests (D)
  An iron imp (D)
  An adder (D)
  A white imp (D)
  3 orcs (D)
  An endoplasm (D)
  4 hobgoblins (D)
  A ball python (D)
  A jackal skeleton (D)
22 creatures vanquished.

Notes
Turn   | Place    | Note
-------+----------+-------------------------------------------
     0 | D        | rocky1 the Ogre Gladiator began the quest for the Orb.
     0 | D        | Reached XP level 1. HP: 22/22 MP: 1/1
    20 | D        | Found a bloodstained altar of Trog.
    20 | D        | Found a shimmering blue altar of Sif Muna.
    20 | D        | Found a viscous altar of Jiyva.
    20 | D        | Found a hazy altar of Hepliaklqana.
    20 | D        | Found an opulent altar of Gozag.
    21 | D        | Found a glowing golden altar of the Shining One.
    21 | D        | Found a glowing silver altar of Zin.
    21 | D        | Found a basalt altar of Yredelemnul.
    21 | D        | Found a shimmering altar of Xom.
    21 | D        | Found an ornate altar of the Wu Jian Council.
    21 | D        | Found a sacrificial altar of Ru.
    21 | D        | Found a stormy altar of Qazlal.
    21 | D        | Found an iron altar of Okawaru.
    21 | D        | Found a sparkling altar of Nemelex Xobeh.
    21 | D        | Found a burning altar of Makhleb.
    21 | D        | Found a blossoming altar of Fedhas.
    21 | D        | Found a white marble altar of Elyvilon.
    21 | D        | Found a shadowy altar of Dithmenos.
    21 | D        | Found a snail-covered altar of Cheibriados.
    25 | D        | Found a corrupted altar of Lugonu.
    25 | D        | Found a radiant altar of Vehumet.
    26 | D        | Found a broken altar of Ashenzari.
    26 | D        | Found an ancient bone altar of Kikubaaqudgha.
    26 | D        | Found a hide-covered altar of Uskayaw.
    28 | D        | Became a worshipper of Gozag Ym Sagoz the Greedy
    59 | D        | Noticed a scorpion
    62 | D        | Reached skill level 3 in Fighting
    69 | D        | Killed a scorpion
    70 | D        | Reached skill level 5 in Fighting
    70 | D        | Reached XP level 2. HP: 10/35 MP: 2/2
    70 | D        | Reached XP level 3. HP: 12/42 MP: 3/3
    70 | D        | Reached XP level 4. HP: 14/50 MP: 4/4
   572 | D        | Noticed a bullfrog
   580 | D        | Noticed a water moccasin
   582 | D        | Reached skill level 5 in Axes
   596 | D        | Killed a bullfrog
   597 | D        | Reached skill level 6 in Fighting
   597 | D        | Reached skill level 5 in Throwing
   597 | D        | Reached skill level 5 in Dodging
   597 | D        | Reached XP level 5. HP: 24/61 MP: 5/5
   606 | D        | HP: 3/61 [iron imp (10)]
   612 | D        | Reached skill level 7 in Fighting
   616 | D        | Killed a water moccasin
   617 | D        | Reached skill level 8 in Fighting
   617 | D        | Reached XP level 6. HP: 18/72 MP: 6/6
   827 | D        | Reached skill level 5 in Armour
   897 | D        | Noticed a flayed ghost
   910 | D        | Killed a flayed ghost
   911 | D        | Reached skill level 10 in Fighting
   911 | D        | Reached XP level 7. HP: 59/87 MP: 7/7
   911 | D        | Reached XP level 8. HP: 65/96 MP: 8/8
  1148 | D        | Noticed Maurice
  1148 | D        | Noticed a red devil
  1158 | D        | Killed a red devil
  1159 | D        | Reached skill level 11 in Fighting
  1175 | D        | HP: 2/97 [something (11)]
  1176 | D        | Slain by a quasit

Illustrated notes

Levels and vault maps discovered:
D:        pitsprint [storerooms_1, entrance_room_1, metal_vault_4, armoury_2,
          mini_pit_1, grid_room_1, main_hall_1, silver_pit, the_coven_3,
          the_vestibule_1, steel_vault_3, golden_pit, hallway_of_sentries,
          crystal_vault_6, iron_vault_1, final_vault]

Skill      XL: |  1  2  3  4  5  6  7  8 |
---------------+-------------------------+-----
Fighting       | 5 6 8 10 11 | 11.4
Axes           | 4 5 6 8 9 |  9.1
Throwing       | 3 5 6 |  6.1
Armour         | 2 3 4 6 7 |  7.0
Dodging        | 4 5 7 8 |  8.3

Action                   |  1- 3 |  4- 6 |  7- 9 || total
-------------------------+-------+-------+-------++-------
Melee: War axe           |    10 |    75 |    34 ||   119
       Punch             |       |     1 |     1 ||     2
Throw: Throwing net      |     2 |       |       ||     2
  Use: Potion            |       |     8 |     3 ||    11
 Stab: Sleeping          |     1 |       |       ||     1
       Distracted        |       |     1 |       ||     1
Armor: Robe              |     2 |     5 |    21 ||    28
Dodge: Dodged            |     3 |    36 |    20 ||    59

Table legend: (Time is in decaauts)
 A = Elapsed time spent in this place.
 B = Non-inter-level travel time spent in this place.
 C = Inter-level travel time spent in this place.
 D = Time resting spent in this place.
 E = Time spent auto-exploring this place.
 F = Levels seen in this place.
 G = Mean time per level.
                   A        B        C        D        E       F      G
               +--------+--------+--------+--------+--------+-----+--------+
         Total |   1219 |   1199 |     20 |    879 |      0 |   1 | 1219.0 |
       Dungeon |   1219 |   1199 |     20 |    879 |      0 |   1 | 1219.0 |
               +--------+--------+--------+--------+--------+-----+--------+

Top non-repeatable levels by time:
       D: 1219 daAuts
